 Dungeon Crawl Stone Soup version 0.18.1-2-ga659475 (webtiles) character file.

102 Helmschank the Chopper (level 4, -3/39 HPs)
             Began as a Hill Orc Abyssal Knight on May 7, 2016.
             Was a Believer of Lugonu.
             Slain by a gnoll (5 damage)
             ... on level 3 of the Dungeon.
             The game lasted 00:13:16 (3246 turns).

Helmschank the Chopper (Hill Orc Abyssal Knight)    Turns: 3246, Time: 00:13:16

Health: -3/39      AC:  3    Str: 15    XL:     4   Next: 77%
Magic:  0/6        EV: 11    Int: 12    God:    Lugonu [**....]
Gold:   137        SH:  0    Dex: 10    Spells: 0 memorised, 3 levels left

rFire  . . .     SeeInvis .     a - +1 hand axe
rCold  . . .     Gourm    .     t - +0 leather armour (curse)
rNeg   . . .     Faith    .     (no shield)
rPois  .         Spirit   +     (no helmet)
rElec  .         Dismiss  .     (no cloak)
rCorr  .         Reflect  .     (no gloves)
SustAt .         Harm     .     (no boots)
MR     .....                    w - amulet of guardian spirit
Stlth  ++........               (no ring)
                                p - ring of stealth

@: not resistant to hostile enchantments, unstealthy
A: no striking features
a: Depart the Abyss, Bend Space, Renounce Religion


You were on level 3 of the Dungeon.
You worshipped Lugonu.
Lugonu was pleased with you.
You were hungry.

You visited 1 branch of the dungeon, and saw 3 of its levels.
You visited the Abyss 1 time.

You collected 137 gold pieces.

Inventory:

Hand Weapons
 a - a +1 hand axe (weapon)
Missiles
 g - 137 stones (quivered)
 h - 4 javelins
 m - 13 poisoned needles
Armour
 b - a +0 leather armour
 e - a +0 ring mail
 t - a cursed +0 leather armour (worn)
Jewellery
 p - a ring of stealth (left hand)
 w - an amulet of guardian spirit (around neck)
Scrolls
 j - a scroll of amnesia {unknown}
 l - a scroll of blinking {unknown}
 n - 2 scrolls of recharging {unknown}
 r - 6 scrolls of remove curse {unknown}
 y - a scroll of immolation {unknown}
Potions
 d - 4 potions of curing {unknown}
 f - a potion of mutation {unknown}
 i - a potion of heal wounds {unknown}
 k - a potion of lignification {unknown}
 q - a potion of ambrosia {unknown}
 s - 2 potions of might {unknown}
 u - a potion of cure mutation {unknown}
 x - 2 potions of cancellation {unknown}
 z - a potion of degeneration {unknown}
Comestibles
 c - a bread ration


   Skills:
 - Level 3.6 Fighting
 * Level 5.5 Axes
 - Level 2.1 Armour
 - Level 0.7 Dodging
 + Level 3.8 Invocations


You had 3 spell levels left.
You didn't know any spells.

Dungeon Overview and Level Annotations

Branches:
Dungeon (3/15)

Altars:
Makhleb
Pakellas
Zin

Annotations:
D:3 jerkstore's ghost, amateur DrTm


Message History

Moving in this stuff is going to be slow.
* * * LOW HITPOINT WARNING * * *;
* * * LOW MAGIC WARNING * * *
You feel slightly more hungry.
Found a robe.
You take 2 damage, and have 3/39 hp.
You now have 0/6 mp. 3 jackals come into view.
The jackal moves out of view. x3
The jackal barks!
You hear a bark! x2
Space bends around you!
You blink.
* * * LOW HITPOINT WARNING * * *;
* * * LOW MAGIC WARNING * * *
You are feeling hungry.
The gnoll hits you.
* * * LOW HITPOINT WARNING * * *
You take 2 damage, and have 2/39 hp.
You now have 0/6 mp.
You don't have enough magic at the moment.
You closely miss the gnoll.
The gnoll is almost dead.
You hit the gnoll.
The gnoll is moderately wounded.
The gnoll hits you.
You die...

##.....................)#.
######.........#..........
#........#####.(..........
#.......## ###.#.......#.#
#..)...##.##......##.#....
#########....##...#..####.
##...##.....#####.
###g#..#...........
###g@.##.g....####..#
##########.h.###.....P..).....
#.........§##..#....≈≈≈≈≈≈≈≈≈≈
#...........h..#....≈≈≈≈≈≈≈≈≈≈
#..............#....≈≈#####≈≈≈
#........(..h..#....≈≈#gg.#...
#........>.....#[...≈≈#...####
#........<.....#...P≈≈###+
#..............#....≈≈≈


You could see 2 gnolls and a jackal.

Vanquished Creatures
  2 adders
  4 gnolls
  A worm (D:2)
  An orc (D:3)
  2 giant cockroaches
  4 goblins
  6 hobgoblins
  4 jackals
  4 kobolds
  2 quokkas (D:3)
  4 bats
  4 giant newts
  6 rats
44 creatures vanquished.

Vanquished Creatures (others)
  A hippogriff (D:2)
1 creature vanquished.

Grand Total: 45 creatures vanquished

Notes
Turn   | Place    | Note
--------------------------------------------------------------
     0 | Abyss:1  | Helmschank the Hill Orc Abyssal Knight began the quest for the Orb.
     0 | Abyss:1  | Reached XP level 1. HP: 19/19 MP: 2/2
    47 | Abyss:1  | Found a corrupted altar of Lugonu.
    94 | Abyss:1  | Found a corrupted altar of Lugonu.
   112 | Abyss:1  | Found a blossoming altar of Fedhas.
   154 | D:1      | Escaped the Abyss
   273 | D:1      | Reached skill level 3 in Axes
   431 | D:1      | Reached XP level 2. HP: 25/26 MP: 3/3
   810 | D:1      | Reached ** piety under Lugonu
  1060 | D:2      | Found an oddly glowing altar of Pakellas.
  1060 | D:2      | Noticed an orange crystal statue
  1061 | D:2      | Noticed a hippogriff
  1080 | D:2      | Killed a hippogriff
  1161 | D:2      | Found a faded altar to an unknown god.
  1197 | D:2      | Found a glowing silver altar of Zin.
  1270 | D:2      | Found a burning altar of Makhleb.
  1277 | D:2      | Found an oddly glowing altar of Pakellas.
  1377 | D:2      | Reached skill level 4 in Axes
  1397 | D:2      | Reached XP level 3. HP: 29/31 MP: 3/5
  1550 | D:3      | Noticed jerkstore's ghost (amateur DrTm)
  1828 | D:3      | Noticed a hungry ghost
  2062 | D:2      | Reached skill level 5 in Axes
  2062 | D:2      | Reached XP level 4. HP: 22/39 MP: 3/6
  3246 | D:3      | Slain by a gnoll

Skill      XL: |  1  2  3 |
---------------+----------+-----
Axes           | 3 4 5 |  5.5
Invocations    | 3 |  3.8
Fighting       | |  3.6
Armour         | |  2.1
Dodging        | |  0.7

Action                   |  1- 3 |  4- 6 || total
-------------------------+-------+-------++-------
Melee: Hand axe          |    90 |    87 ||   177
Throw: Stone             |    26 |       ||    26
Invok: Bend Space        |       |     5 ||     5
 Stab: Sleeping          |     2 |       ||     2
  Eat: Chunk             |     4 |     6 ||    10
       Bread ration      |       |     2 ||     2
       Pizza             |       |     1 ||     1
       Beef jerky        |       |     1 ||     1
Armor: Ring mail         |     7 |       ||     7
       Leather armour    |    17 |    23 ||    40
Dodge: Dodged            |    52 |    61 ||   113
